 Dungeon Crawl Stone Soup version 0.27.1-15-g792fb953b9 (webtiles) character file.

Game seed: 13015623586880882100

7270 jjjjhere the Martial Artist (level 10, -4/71 HPs)
             Began as a Black Draconian Transmuter on Nov 20, 2021.
             Was a Believer of Makhleb.
             Slain by a hornet (13 damage)
             ... on level 1 of the Lair of Beasts.
             The game lasted 00:24:14 (13202 turns).

jjjjhere the Martial Artist (DrTm)                 Turns: 13202, Time: 00:24:15

Health: -4/71      AC: 11    Str: 12    XL:     10   Next: 89%
Magic:  15/16      EV: 12    Int: 17    God:    Makhleb [**....]
Gold:   400        SH:  0    Dex: 12    Spells: 8/17 levels left

rFire    . . .     SeeInvis .     - Unarmed
rCold    . . .     Faith    +   (no shield)
rNeg     . . .     Spirit   .   (armour unavailable)
rPois    +         Reflect  .   (helmet restricted)
rElec    +         Harm     .   (no cloak)
rCorr    .         Rampage  .   (no gloves)
Will     .....                  (no boots)
Stlth    +.........             d - amulet of faith
HPRegen  0.21/turn              c - +4 ring of protection
MPRegen  0.15/turn              t - ring of poison resistance

@: lethally poisoned (-4 -> -6), short of breath
A: breathe lightning, AC +7, unfitting armour, electricity resistance,
cold-blooded
a: Breathe Lightning, Renounce Religion, Minor Destruction


You were on level 1 of the Lair of Beasts.
You worshipped Makhleb.
Makhleb was pleased with you.
You visited 3 branches of the dungeon, and saw 11 of its levels.

You collected 400 gold pieces.

Inventory:

Missiles
 m - 28 poisoned darts
Jewellery
 c - a +4 ring of protection (left hand)
 d - an amulet of faith (around neck)
 h - a ring of willpower
 t - a ring of poison resistance (right hand)
 v - a ring of protection from cold
Wands
 l - a wand of iceblast (18)
 w - a wand of polymorph (6)
Scrolls
 g - a scroll of teleportation
 q - 2 scrolls of amnesia
 s - a scroll of magic mapping
Potions
 a - 2 potions of brilliance
 b - a potion of ambrosia
 e - a potion of mutation
 f - 2 potions of heal wounds
 i - 2 potions of flight
 k - a potion of invisibility
 o - a potion of lignification
 p - 4 potions of attraction
 u - a potion of magic
 x - a potion of haste


   Skills:
 - Level 1.1 Fighting
 - Level 1.7 Dodging
 - Level 11.4 Unarmed Combat
 - Level 4.1 Spellcasting
 - Level 4.5 Hexes
 + Level 10.4 Transmutations
 - Level 1.0 Poison Magic
 - Level 2.9 Invocations


You had 8 spell levels left.
You knew the following spells:

 Your Spells              Type           Power      Damage    Failure   Level
a - Beastly Appendage     Tmut           76%        N/A       1%          1
b - Wereblood             Tmut           38%        N/A       1%          2
c - Spider Form           Tmut/Pois      11%        N/A       4%          3
d - Confusing Touch       Hex            18%        N/A       8%          3

Your spell library contained the following spells:

 Spells                   Type           Power      Damage    Failure   Level
 Sting                    Tmut/Pois      92%        1d7       1%          1
 Slow                     Hex            18%        N/A       3%          2
 Poisonous Vapours        Pois/Air       10%        N/A       19%         2
 Ice Form                 Ice/Tmut       21%        N/A       19%         4
 Yara's Violent Unravell  Hex/Tmut       14%        3d7       21%         5
 Ozocubu's Armour         Ice            3%         N/A       43%         3
 Olgreb's Toxic Radiance  Pois           7%         N/A       69%         4
 Passage of Golubria      Tloc           N/A        N/A       83%         4
 Metabolic Englaciation   Hex/Ice        5%         N/A       86%         5
 Silence                  Hex/Air        5%         N/A       86%         5
 Eringya's Noxious Bog    Tmut/Pois      11%        N/A       92%         6
 Simulacrum               Ice/Necr       1%         N/A       100%        6
 Lehudib's Crystal Spear  Conj/Erth      1%         10d2      100%        8


Dungeon Overview and Level Annotations

Branches:
Dungeon (9/15)             Temple (1/1) D:6            Lair (1/6) D:9
    Orc: D:9-12

Altars:
Ashenzari
Cheibriados
Fedhas
Gozag
Kikubaaqudgha
Makhleb
Nemelex Xobeh
Okawaru
Qazlal
Ru
Sif Muna
Trog
Uskayaw
Vehumet
Wu Jian
Xom
Yredelemnul
Zin
The Shining One

Shops:
D:2 =   D:4 :   D:8 *


Innate Abilities, Weirdness & Mutations

You can breathe wild blasts of lightning.
Your glossy black scales are hard. (AC +7)
You cannot fit into any form of body armour.
You are resistant to electric shocks. (rElec)
You are cold-blooded and may be slowed by cold attacks.


Message History

The water moccasin barely misses you.
You barely miss the hornet.
You feel sick.
The hornet stings you but does no damage.
The water moccasin bites you but does no damage.
The hornet completely misses you.
You barely miss the water moccasin.
You feel sick.
The water moccasin completely misses you.
The hornet stings you.
You closely miss the water moccasin.
Your hands stop glowing.
You feel sick.
The water moccasin bites you but does no damage.
The hornet barely misses you.
The water moccasin bites you but does no damage.
You hit the water moccasin.
The water moccasin is lightly wounded.
You feel sick.
The hornet stings you but does no damage.
The water moccasin closely misses you.
You hit the water moccasin.
The water moccasin is lightly wounded.
You feel sick.
The hornet stings you but does no damage.
The water moccasin barely misses you.
You barely miss the water moccasin.
The water moccasin is lightly wounded.
You feel sick. The hornet barely misses you. The water moccasin bites you.
The hornet stings you!
You hit the water moccasin.
The water moccasin is lightly wounded.
The water moccasin bites you. The hornet stings you!
* * * LOW HITPOINT WARNING * * *
You breathe a wild blast of lightning!
You hear a mighty clap of thunder!
You feel sick.
You hear an angry hiss.
You hear a loud, deep croak!
The water moccasin bites you.
* * * LOW HITPOINT WARNING * * *
The hornet stings you!
You die...

..##....#.. P...!.....
............#.# #.........
#........)##..###.........
##.......##....##.........
###....#......###...?.....
#..#.8.###....##..........
#....#.###....##P.........
.......##.......Sy........
................@.........
....###...................
....# #...................
....# #...................
....# #...###.............
.†..# #.... #)............
....###...####...........
.....##...# ...........
.#.######## ##.#######


You could see a hornet and a water moccasin.

Vanquished Creatures
  A cyclops (D:9)
  2 cane toads
  Maggie (D:8)
  2 komodo dragons
  Prince Ribbit (D:7)
  Grinder (D:3)
  4 yaks (Lair:1)
  A wyvern (D:9)
  A basilisk (Lair:1)
  An acid dragon (D:9)
  Menkaure (D:4)
  2 water moccasins
  3 black bears
  A sky beast (D:5)
  2 ice beasts
  2 necrophages
  3 ogres
  A centaur (D:9)
  A phantom (D:5)
  A kobold brigand (D:8)
  5 scorpions
  9 bullfrogs
  A wyvern skeleton (D:7)
  12 killer bees (D:9)
  4 wights (D:8)
  3 howler monkeys (D:7)
  A crimson imp (D:9)
  2 centaur zombies (D:9)
  An orc priest (D:3)
  A centaur skeleton (D:4)
  A gnoll shaman (D:7)
  3 hounds (D:4)
  2 bullfrog skeletons
  Natasha (thrice) (D:2)
  6 iguanas
  A hound skeleton (D:4)
  8 gnolls
  2 howler monkey skeletons
  7 adders
  2 shadow imps
  2 worms
  3 dart slugs
  11 orcs
  4 endoplasms
  4 giant cockroaches
  6 goblins
  7 hobgoblins
  8 quokkas
  12 ball pythons
  7 bats
  A frilled lizard (D:2)
  6 kobolds
  5 rats
182 creatures vanquished.

Vanquished Creatures (others)
  A wizard (D:9)
  A kobold (D:8)
  51 fungi
  52 plants
105 creatures vanquished.

Grand Total: 287 creatures vanquished

Notes
Turn   | Place    | Note
-------+----------+-------------------------------------------
     0 | D:1      | jjjjhere the Draconian Transmuter began the quest for the
                  | Orb.
     0 | D:1      | Reached XP level 1. HP: 16/16 MP: 3/3
   123 | D:1      | Reached XP level 2. HP: 23/23 MP: 3/5
   658 | D:1      | Reached XP level 3. HP: 27/28 MP: 4/6
   663 | D:1      | Learned a level 2 spell: Wereblood
  1094 | D:2      | Noticed Natasha
  1106 | D:2      | Killed Natasha
  1107 | D:2      | Reached skill level 4 in Unarmed Combat
  1320 | D:2      | You fall into a shaft and drop 2 floors!
  1334 | D:3      | Found a faded altar of an unknown god.
  1430 | D:3      | Noticed a necrophage
  1437 | D:3      | Reached XP level 4. HP: 25/35 MP: 2/7
  1446 | D:3      | Killed a necrophage
  1447 | D:3      | Reached XP level 5. HP: 27/40 MP: 2/8
  1563 | D:3      | Learned a level 3 spell: Spider Form
  1683 | D:3      | Found a faded altar of an unknown god.
  1683 | D:3      | Found a glowing golden altar of the Shining One.
  1758 | D:3      | Reached skill level 1 in Poison Magic
  1894 | D:3      | Found a faded altar of an unknown god.
  1895 | D:3      | Noticed Grinder
  1897 | D:3      | Found a shimmering altar of Xom.
  1911 | D:3      | Killed Grinder
  1912 | D:3      | Reached skill level 5 in Unarmed Combat
  1912 | D:3      | Reached XP level 6. HP: 17/47 MP: 8/10
  2111 | D:3      | Found a bloodstained altar of Trog.
  2114 | D:3      | Got the Catalogue of Venom
  2457 | D:2      | Noticed Natasha
  2467 | D:2      | Killed Natasha
  2538 | D:2      | Your scales start taking on a glossy black colour.
  2538 | D:2      | Reached XP level 7. HP: 46/52 MP: 8/12
  2538 | D:2      | Gained mutation: You are resistant to electric shocks.
                  | (rElec) [Black Draconian growth]
  2713 | D:2      | Noticed Natasha
  2720 | D:2      | Killed Natasha
  2721 | D:2      | Reached skill level 5 in Transmutations
  2780 | D:2      | Found Zocack's Jewellery Boutique.
  3123 | D:2      | Identified a scroll of acquirement
  3123 | D:2      | Acquired a book of Misfortune
  3129 | D:2      | Learned a level 3 spell: Confusing Touch
  3405 | D:4      | Found Egahuut's Book Emporium.
  3679 | D:4      | Reached skill level 1 in Hexes
  3770 | D:4      | Reached skill level 6 in Unarmed Combat
  3802 | D:4      | Noticed Menkaure
  3811 | D:4      | Killed Menkaure
  3949 | D:4      | You fall into a shaft and drop 3 floors!
  3990 | D:5      | Entered Level 5 of the Dungeon
  4059 | D:5      | Reached XP level 8. HP: 44/59 MP: 10/13
  4273 | D:4      | HP: 16/59 [poisoned by a scorpion]
  4576 | D:4      | Reached skill level 7 in Unarmed Combat
  5563 | D:6      | Found a staircase to the Ecumenical Temple.
  5628 | Temple   | Entered the Ecumenical Temple
  5726 | Temple   | Became a worshipper of Makhleb the Destroyer
  5818 | D:6      | HP: 6/59 [ogre (25)]
  6836 | D:7      | Noticed Prince Ribbit
  7143 | D:6      | Reached skill level 8 in Unarmed Combat
  7328 | D:7      | Reached XP level 9. HP: 64/64 MP: 11/14
  7514 | D:7      | HP: 17/64 [Prince Ribbit (8)]
  7530 | D:7      | Killed Prince Ribbit
  8352 | D:8      | Reached skill level 1 in Invocations
  8377 | D:8      | Noticed Maggie
  8380 | D:8      | HP: 21/64 [poisoned by a kobold brigand]
  8380 | D:8      | HP: 10/64 [Maggie/bolt of fire (11)]
  8559 | D:7      | Reached skill level 9 in Unarmed Combat
  8690 | D:8      | Killed Maggie
  8770 | D:8      | Reached * piety under Makhleb
  9197 | D:8      | Found Gyzis's Assorted Antiques.
  9717 | D:9      | HP: 12/61 [wyvern (15)]
  9726 | D:9      | HP: 13/64 [black bear (5)]
  9732 | D:9      | Reached skill level 10 in Unarmed Combat
  9913 | D:9      | Noticed Pikel
  9917 | D:9      | Paralysed by Pikel for 2 turns
  9920 | D:9      | Noticed a komodo dragon
  9926 | D:9      | Paralysed by Pikel for 5 turns
  9950 | D:8      | Noticed Pikel
  9950 | D:8      | Pikel changed into Pikel the basilisk
  9956 | D:8      | HP: 21/64 [Pikel the basilisk (3)]
 10078 | D:8      | Noticed Pikel
 10078 | D:8      | Pikel the basilisk changed into Pikel the cane toad
 10089 | D:8      | Killed Pikel the cane toad
 10090 | D:8      | Reached XP level 10. HP: 53/71 MP: 14/16
 10201 | D:9      | Found a staircase to the Lair.
 10539 | D:9      | Noticed a cyclops
 10553 | D:9      | HP: 3/71 [cyclops (26)]
 10554 | D:9      | Killed a cyclops
 11007 | D:9      | Reached skill level 11 in Unarmed Combat
 11077 | D:9      | Noticed a wizard
 11106 | D:9      | Killed a wizard
 11656 | D:9      | Reached ** piety under Makhleb
 11749 | D:9      | HP: 20/71 [something (8)]
 11758 | D:9      | HP: 14/71 [vampire (8)]
 11986 | Lair:1   | Entered Level 1 of the Lair of Beasts
 12382 | Lair:1   | HP: 21/71 [yak (8)]
 12714 | Lair:1   | HP: 23/71 [komodo dragon (22)]
 12716 | Lair:1   | Reached skill level 10 in Transmutations
 12970 | Lair:1   | Noticed a cane toad
 12988 | Lair:1   | Killed a cane toad
 13201 | Lair:1   | HP: 15/71 [hornet (10)]
 13202 | Lair:1   | Slain by a hornet

Illustrated notes

Levels and vault maps discovered:
D:1:      scummos_arrival_simple_crosswalls, layout_loops_cross,
          minmay_misc_feat_more_columns
D:2:      layout_loops_corners, serial_shops, nicolae_lakefront_shop,
          uniq_natasha
D:3:      layout_basic, chequers_temple_overflow_minitemple,
          basic_ecumenical_altar, uniq_grinder
D:4:      layout_gridville, serial_shops, nicolae_shop_trees, uniq_menkaure
D:5:      layout_cave_pools, enter_ossuary_2, mrwooster_statue_mirror
D:6:      layout_loops_corners, minmay_temple_entry_gardened_gates,
          minmay_misc_feat_pillars, minmay_fountain_box
D:7:      layout_basic, kennysheep_pointless_box, uniq_prince_ribbit1
D:8:      layout_cave_pools, serial_shops, shop_fountains, minmay_liquid_box,
          uniq_maggie
D:9:      layout_loops_ring, lemuel_coloured_pillars_altar,
          due_lair_maze_entry_diamond, minmay_misc_feat_secret_circle,
          lightli_wizard_tower, uniq_pikel
Temple:   compressed_dpeg_circular_temple
Lair:1:   layout_cellular_growth, grunt_megastairs_5, serial_bayou_shore_b

Skill      XL: |  1  2  3  4  5  6  7  8  9 10 |
---------------+-------------------------------+-----
Unarmed Combat | 4 5 6 8 10 11 | 11.4
Transmutations | 3 4 5 6 7 10 | 10.4
Poison Magic   | 1 |  1.0
Spellcasting   | 3 4 |  4.1
Hexes          | 2 4 |  4.5
Invocations    | 2 |  2.9
Fighting       | |  1.1
Dodging        | |  1.7

Action                   |  1- 3 |  4- 6 |  7- 9 | 10-12 || total
-------------------------+-------+-------+-------+-------++-------
Melee: Unarmed           |   104 |    72 |   458 |   220 ||   854
       Tailslap          |     6 |     6 |    46 |    24 ||    82
       Kick              |    12 |    19 |    87 |    47 ||   165
       Headbutt          |     2 |     9 |    51 |    30 ||    92
       Punch             |     1 |       |    14 |     5 ||    20
 Cast: Beastly Appendage |    11 |     8 |    49 |    16 ||    84
       Wereblood         |     3 |     3 |    21 |     5 ||    32
       Confusing Touch   |       |       |    18 |     9 ||    27
 Abil: Breathe Lightning |       |       |     2 |     1 ||     3
Evoke: Wand              |       |       |     8 |       ||     8
  Use: Scroll            |       |       |    19 |     8 ||    27
       Potion            |       |       |     2 |     1 ||     3
 Stab: Sleeping          |     2 |     1 |     1 |       ||     4
       Confused          |       |       |     7 |     9 ||    16
Armor: Skin              |    32 |    24 |   151 |    96 ||   303
Dodge: Dodged            |    79 |    47 |   264 |   121 ||   511
